 Dungeon Crawl Stone Soup version 0.23.2-1-ga50397a6bc (webtiles) character file.

Game seed: 8032457149447104542

793 Mrkan the Grappler (level 7, -1/66 HPs)
             Began as a Troll Monk on May 25, 2019.
             Was a Priest of Wu Jian.
             Killed by nerve-wracking pain
             ... invoked by Grinder
              (9 damage)
             ... on level 4 of the Dungeon.
             The game lasted 00:06:34 (2572 turns).

Mrkan the Grappler (Troll Monk)                     Turns: 2572, Time: 00:06:35

Health: -1/66      AC:  6    Str: 20    XL:     7   Next: 57%
Magic:  6/6        EV: 10    Int:  6    God:    Wu Jian [***...]
Gold:   133        SH:  0    Dex: 14    Spells: 6/6 levels left

rFire    . . .     SeeInvis .     - Unarmed
rCold    . . .     Gourm    +   (no shield)
rNeg     . . .     Faith    .   a - +0 robe
rPois    .         Spirit   .   (helmet restricted)
rElec    .         Reflect  .   (no cloak)
rCorr    .         Harm     .   (gloves unavailable)
MR       .....                  (boots unavailable)
Stlth    ++........             (no amulet)
HPRegen  0.61/turn              (no ring)
MPRegen  0.10/turn              (no ring)

@: no status effects
A: large, unfitting armour, claws 3, fast metabolism 3, gourmand, regeneration
1, shaggy fur 1, tough skin 3
a: Wall Jump, Serpent's Lash, Renounce Religion


You were on level 4 of the Dungeon.
You worshipped Wu Jian.
Wu Jian was most pleased with you.
You were completely stuffed.

You visited 1 branch of the dungeon, and saw 4 of its levels.

You collected 133 gold pieces.

Inventory:

Missiles
 f - 115 stones (quivered)
Armour
 a - a +0 robe (worn)
Jewellery
 r - an uncursed ring of positive energy {unknown}
Wands
 p - a wand of disintegration (12)
Scrolls
 d - 6 scrolls of identify {unknown}
 e - a scroll of noise {unknown}
 i - a scroll of enchant armour {unknown}
 j - a scroll of remove curse {unknown}
 k - 2 scrolls of amnesia {unknown}
 n - 2 scrolls of fear {unknown}
Potions
 c - 2 potions of invisibility {unknown}
 g - a potion of magic {unknown}
 h - a potion of might {unknown}
 l - 3 potions of haste {unknown}
 m - 2 potions of curing {unknown}
 o - a potion of lignification {unknown}
 q - a potion of flight {unknown}
 s - 2 potions of degeneration {unknown}
Comestibles
 b - 7 rations
 t - 9 chunks of flesh


   Skills:
 - Level 2.4 Fighting
 * Level 3.3 Throwing
 - Level 2.4 Dodging
 - Level 1.0 Stealth
 - Level 8.1 Unarmed Combat


You had 6 spell levels left.
You didn't know any spells.
Your spell library was empty.

Dungeon Overview and Level Annotations

Branches:
Dungeon (4/15)
 Temple: D:4-7

Altars:
Cheibriados
Wu Jian
Yredelemnul

Annotations:
D:4 Grinder


Innate Abilities, Weirdness & Mutations

You are too large for most types of armour.
You have claws for hands.
Your metabolism is lightning-fast.
You like to eat raw meat.
Your natural rate of healing is unusually fast.
You are covered in fur. (AC +1)
You have extremely tough skin. (AC +3)


Message History

* * * LOW HITPOINT WARNING * * *
You spin and attack the orc priest repeatedly.
You barely miss the orc priest.
The orc priest is moderately wounded.
You scratch the orc priest.
The orc priest is heavily wounded.
The orc priest hits you with a +0 dagger of protection.
* * * LOW HITPOINT WARNING * * *
Found a stone staircase leading up.
You spin and attack the orc priest.
You closely miss the orc priest.
The orc priest is heavily wounded.
The orc priest hits you but does no damage.
You spin and attack the orc repeatedly.
You scratch the orc.
The orc is severely wounded.
You closely miss the orc.
The orc is severely wounded.
The orc completely misses you. Grinder gestures at you.
Pain shoots through your body!
You die...

###.#.............# #.##...
#...............# ###....
#..###..........# ##.....
#..
#..........#########......
#..#
##...........5...##.......
...#
#..........##...##........
###
#.>..........####.#.........
###.........o.###o#(........
#.[.....<@.o.o..'.........
#...........5##.'.....#...
#(..............'........^
###.......###..##.........
#..###........#......... ##
...####...##........ ##..
##...##....... #.#
##...##...... ..<.##.....


You could see Grinder, an orc priest and 3 orcs.

Vanquished Creatures
  Sigmund (D:2)
  A bullfrog (D:3)
  A scorpion (D:4)
  5 orc wizards (D:3)
  2 orc priests (D:3)
  Jessica (D:2)
  An iguana (D:4)
  Terence (D:2)
  Natasha (thrice) (D:3)
  A worker ant (D:4)
  Robin (D:4)
  6 adders
  An adder skeleton (D:4)
  3 dart slugs
  2 leopard geckos (D:1)
  10 orcs
  A giant cockroach (D:3)
  19 goblins
  4 hobgoblins
  3 jackals (D:3)
  7 kobolds
  3 quokkas
  A ball python (D:1)
  11 bats
  4 frilled lizards
  6 rats
  A spectral orc (D:3)
100 creatures vanquished.

Notes
Turn   | Place    | Note
-------+----------+-------------------------------------------
     0 | D:1      | Mrkan the Troll Monk began the quest for the Orb.
     0 | D:1      | Reached XP level 1. HP: 22/22 MP: 0/0
   122 | D:1      | Reached XP level 2. HP: 29/29 MP: 1/1
   466 | D:1      | Reached skill level 4 in Unarmed Combat
   973 | D:2      | Reached XP level 3. HP: 36/36 MP: 2/2
  1242 | D:2      | Noticed Sigmund
  1288 | D:2      | Killed Sigmund
  1288 | D:2      | Reached skill level 6 in Unarmed Combat
  1288 | D:2      | Reached XP level 4. HP: 23/44 MP: 3/3
  1288 | D:2      | Reached XP level 5. HP: 27/50 MP: 4/4
  1392 | D:2      | Noticed Terence
  1403 | D:2      | Killed Terence
  1501 | D:2      | Found an ornate altar of the Wu Jian Council.
  1505 | D:2      | Became a worshipper of the Wu Jian Council
  1505 | D:2      | Reached * piety under Wu Jian
  1505 | D:2      | Reached ** piety under Wu Jian
  1650 | D:2      | Noticed Jessica
  1652 | D:2      | Killed Jessica
  1756 | D:3      | Reached XP level 6. HP: 51/59 MP: 5/5
  1772 | D:3      | Reached skill level 7 in Unarmed Combat
  1824 | D:3      | Noticed Natasha
  1828 | D:3      | Killed Natasha
  1911 | D:3      | Noticed Natasha
  1919 | D:3      | Killed Natasha
  1960 | D:3      | Found a snail-covered altar of Cheibriados.
  1974 | D:3      | Reached skill level 8 in Unarmed Combat
  1979 | D:3      | Reached XP level 7. HP: 50/66 MP: 6/6
  2038 | D:3      | Found a basalt altar of Yredelemnul.
  2045 | D:3      | Noticed Natasha
  2050 | D:3      | Killed Natasha
  2050 | D:3      | Reached *** piety under Wu Jian
  2120 | D:3      | Found a snail-covered altar of Cheibriados.
  2177 | D:3      | Reached skill level 1 in Throwing
  2475 | D:4      | Noticed Robin
  2489 | D:4      | Killed Robin
  2540 | D:4      | Noticed Grinder
  2572 | D:4      | Killed from afar by Grinder

Skill      XL: |  1  2  3  4  5  6  7 |
---------------+----------------------+-----
Unarmed Combat | 4 6 8 |  8.1
Throwing       | 3 |  3.3
Fighting       | |  2.4
Dodging        | |  2.4
Stealth        | |  1.0

Action                   |  1- 3 |  4- 6 |  7- 9 || total
-------------------------+-------+-------+-------++-------
Melee: Unarmed           |    74 |   107 |    95 ||   276
       Punch             |     2 |     5 |     1 ||     8
Invok: Whirlwind         |       |    29 |    13 ||    42
       Lunge             |       |    14 |    15 ||    29
 Stab: Sleeping          |     2 |     4 |     1 ||     7
  Eat: Chunk             |    12 |    12 |     5 ||    29
Armor: Robe              |    29 |    42 |    25 ||    96
Dodge: Dodged            |    31 |    41 |    40 ||   112
